 Dungeon Sprint DCSS version 0.26-a0-1164-g1a551d6a14 (webtiles) character file.

Game seed: 15731269258969905113

508 mhtbhm the Protected (level 6, -1/64 HPs)
             Began as a Minotaur Fighter on Dec 23, 2020.
             Was an Initiate of Okawaru.
             Slain by an earth elemental (24 damage)
             ... summoned by a deep elf mage
             ... in the Dungeon (Sprint III: "The Ten Rune Challenge").
             The game lasted 00:01:11 (740 turns).

mhtbhm the Protected (Minotaur Fighter)              Turns: 740, Time: 00:01:12

Health: -1/64      AC:  8    Str: 22    XL:     6   Next: 98%
Magic:  5/5        EV: 10    Int:  7    God:    Okawaru [......]
Gold:   22         SH: 11    Dex: 12    Spells: 5/5 levels left

rFire    . . .     SeeInvis .   a - +0 war axe
rCold    . . .     Faith    .   c - +0 kite shield
rNeg     . . .     Spirit   .   b - +0 scale mail
rPois    .         Reflect  .   (helmet restricted)
rElec    .         Harm     .   (no cloak)
rCorr    .         Rampage  .   (no gloves)
Will     .....     NoTele   +   (no boots)
Stlth    ..........             (no amulet)
HPRegen  0.20/turn              (no ring)
MPRegen  0.09/turn              (no ring)

@: mighty
A: retaliatory headbutt, horns 2, agile 1, clever 1
a: Renounce Religion


You were in the Dungeon.
You worshipped Okawaru.
Okawaru was noncommittal.
You visited 1 branch You collected 22 gold pieces.

Inventory:

Hand Weapons
 a - a +0 war axe (weapon)
Armour
 b - a +0 scale mail (worn)
 c - a +0 kite shield (worn)
Wands
 e - a wand of digging (4)
Scrolls
 f - a scroll of immolation {unknown}
 j - a scroll of blinking
 k - a scroll of enchant armour {unknown}
 l - 5 scrolls of remove curse
 n - a scroll of torment {unknown}
 o - a scroll of amnesia {unknown}
Potions
 d - a potion of might
 g - a potion of haste
 h - 2 potions of magic
 m - a potion of lignification {unknown}
 p - 4 potions of mutation


   Skills:
 + Level 9.5 Fighting
 + Level 8.5 Axes
 + Level 10.5 Armour
 + Level 2.3 Dodging
 + Level 0.1 Stealth
 + Level 9.1 Shields


You had 5 spell levels left.
You didn't know any spells.
Your spell library contained the following spells:

 Spells                   Type           Power        Failure   Level
 Magic Dart               Conj           0%           91%         1
 Blink                    Tloc           N/A          97%         2
 Call Imp                 Summ           0%           97%         2
 Slow                     Hex            0%           97%         2
 Conjure Flame            Conj/Fire      0%           100%        3
 Mephitic Cloud           Conj/Pois/Air  0%           100%        3


Dungeon Overview and Level Annotations

Branches:
Dungeon (1/1)

Altars:
Dithmenos
Elyvilon
Kikubaaqudgha
Okawaru
Ru
Sif Muna
Trog
Uskayaw
Vehumet
Wu Jian
Yredelemnul
Zin
The Shining One
Beogh


Innate Abilities, Weirdness & Mutations

You reflexively headbutt those who attack you in melee.
You have a pair of horns on your head.
You are agile. (Dex +2)
Your mind is acute. (Int +2)


Message History

You are too injured to fight recklessly!
You are too injured to fight recklessly!
You are too injured to fight recklessly!
You are too injured to fight recklessly!
You are too injured to fight recklessly!
You are too injured to fight recklessly!
You are too injured to fight recklessly!
You are too injured to fight recklessly!
You are too injured to fight recklessly!
You are too injured to fight recklessly!
Unknown command.
Evoke which item? (* to show all) (? for menu, Esc to quit)
Okay, then.
You feel very mighty all of a sudden.
The deep elf mage completely misses you.
You furiously retaliate!
You headbutt the deep elf mage! You miss the deep elf mage.
The deep elf mage is almost dead.
You barely miss the earth elemental. The earth elemental hits you!!
You die...

▓▓▓▓▓▓▓▓ ▓▓▓ .'.....♣♣
♣.############ .#....♣.♣
♣.#___#___#__# ##.....♣
♣.#...#__.#._#
.#....≈♣♣♣♣♣.###@#'###)##
.#...≈≈...♣♣.#.eE.......#
(#..≈≈≈≈♣♣♣♣.'.⌠........#
'#..≈≈≈≈≈≈...#...######+#
†#.≈≈≈≈≈≈....#.⌠.#
.#.≈≈≈≈≈.....#...#
.#.≈≈≈÷......#)###
##...........#...#
.............#___#


You could see an earth elemental (summoned) and a deep elf mage.

Vanquished Creatures
  A necrophage (D)
  A water elemental (D)
  A wizard (D)
  A necromancer (D)
  3 humans (D)
  A kobold demonologist (D)
  2 oozes (D)
  A phantom (D)
  2 rats (D)
13 creatures vanquished.

Notes
Turn   | Place    | Note
-------+----------+-------------------------------------------
     0 | D        | mhtbhm the Minotaur Fighter began the quest for the Orb.
     0 | D        | Reached XP level 1. HP: 19/19 MP: 0/0
     4 | D        | Reached skill level 4 in Armour
     6 | D        | Reached XP level 2. HP: 28/28 MP: 1/1
    56 | D        | Reached skill level 5 in Fighting
    56 | D        | Reached skill level 5 in Armour
    56 | D        | Reached skill level 5 in Shields
    56 | D        | Reached XP level 3. HP: 24/36 MP: 2/2
   165 | D        | Gained mutation: You are weak. (Str -2) [potion of
                  | mutation]
   165 | D        | Gained mutation: You are agile. (Dex +2) [potion of
                  | mutation]
   165 | D        | Lost mutation: You are weak. (Str -2) [potion of mutation]
   165 | D        | Gained mutation: Your mind is acute. (Int +2) [potion of
                  | mutation]
   180 | D        | Noticed a water elemental
   191 | D        | Killed a water elemental
   192 | D        | Reached skill level 6 in Armour
   192 | D        | Reached XP level 4. HP: 12/44 MP: 3/3
   420 | D        | Found a hide-covered altar of Uskayaw.
   420 | D        | Found a roughly hewn altar of Beogh.
   420 | D        | Found an iron altar of Okawaru.
   420 | D        | Found a bloodstained altar of Trog.
   420 | D        | Found an ornate altar of the Wu Jian Council.
   420 | D        | Noticed a human
   421 | D        | Noticed a human
   426 | D        | Killed a human
   427 | D        | Reached skill level 8 in Armour
   427 | D        | Reached skill level 1 in Dodging
   427 | D        | Reached XP level 5. HP: 20/53 MP: 4/4
   436 | D        | Killed a human
   437 | D        | Reached skill level 9 in Armour
   437 | D        | Reached XP level 6. HP: 21/62 MP: 5/5
   442 | D        | Became a worshipper of Warmaster Okawaru
   673 | D        | Found a basalt altar of Yredelemnul.
   673 | D        | Found a shadowy altar of Dithmenos.
   673 | D        | Found a sacrificial altar of Ru.
   675 | D        | Reached skill level 10 in Armour
   696 | D        | Found a radiant altar of Vehumet.
   696 | D        | Found a shimmering blue altar of Sif Muna.
   696 | D        | Found an ancient bone altar of Kikubaaqudgha.
   699 | D        | Noticed a rust devil
   723 | D        | Found a glowing silver altar of Zin.
   723 | D        | Found a glowing golden altar of the Shining One.
   723 | D        | Found a white marble altar of Elyvilon.
   724 | D        | Noticed a deep elf mage
   740 | D        | Slain by an earth elemental

Illustrated notes

Levels and vault maps discovered:
D:        dungeon_sprint_mu [sprint_mu_entry_forest, sprint_mu_temple_rooms,
          sprint_mu_d1_spiders, sprint_mu_d2_genie, sprint_mu_d3_branching,
          sprint_mu_orc_legion, sprint_mu_elf_gauntlet, sprint_mu_hive_nellie,
          sprint_mu_lair_fedhas, sprint_mu_vaults_butterflies,
          sprint_mu_slime_circle, sprint_mu_shoals_archi,
          sprint_mu_snake_twists, sprint_mu_blade_basic,
          sprint_mu_crypt_fortress, sprint_mu_tomb_spiral,
          sprint_mu_vestibule_basic, sprint_mu_gehenna_hellfire,
          sprint_mu_dis_giant, sprint_mu_tartarus_statrot,
          sprint_mu_cocytus_islands, sprint_mu_zot1]

Skill      XL: |  1  2  3  4  5  6 |
---------------+-------------------+-----
Fighting       | 4 5 6 7 8 9 |  9.5
Armour         | 4 5 6 8 9 10 | 10.5
Shields        | 4 5 6 7 8 9 |  9.1
Axes           | 3 4 6 7 8 |  8.5
Dodging        | 1 2 |  2.3
Stealth        | |  0.1

Action                   |  1- 3 |  4- 6 || total
-------------------------+-------+-------++-------
Melee: War axe           |    36 |    39 ||    75
       Headbutt          |     3 |     8 ||    11
  Use: Potion            |     3 |     2 ||     5
Armor: Scale mail        |    11 |     4 ||    15
Dodge: Dodged            |    10 |     8 ||    18
Block: Kite shield       |    19 |    15 ||    34

Table legend: (Time is in decaauts)
 A = Elapsed time spent in this place.
 B = Non-inter-level travel time spent in this place.
 C = Inter-level travel time spent in this place.
 D = Time resting spent in this place.
 E = Time spent auto-exploring this place.
 F = Levels seen in this place.
 G = Mean time per level.
                   A        B        C        D        E       F      G
               +--------+--------+--------+--------+--------+-----+--------+
         Total |    766 |    766 |      0 |    515 |     18 |   1 |  766.0 |
       Dungeon |    766 |    766 |      0 |    515 |     18 |   1 |  766.0 |
               +--------+--------+--------+--------+--------+-----+--------+

Top non-repeatable levels by time:
       D: 766 daAuts
